 Dungeon Crawl Stone Soup version 0.19.4-8-ga85b6b9 (webtiles) character file.

541 Haldmier the Slasher (level 7, -2/45 HPs)
             Began as a High Elf Skald on Feb 12, 2017.
             Slain by an orc warrior
             ... wielding a +0 long sword
              (9 damage)
             ... on level 5 of the Dungeon.
             The game lasted 00:26:54 (6538 turns).

Haldmier the Slasher (High Elf Skald)               Turns: 6538, Time: 00:26:55

Health: -2/45      AC:  7    Str: 15    XL:     7   Next: 5%
Magic:  4/11       EV: 11    Int: 15    God:
Gold:   312        SH:  0    Dex: 14    Spells: 4 memorised, 2 levels left

rFire  . . .     SeeInvis .     a - +0 falchion
rCold  . . .     Gourm    .     b - +0 leather armour
rNeg   . . .     Faith    .     (no shield)
rPois  +         Spirit   .     (helmet restricted)
rElec  .         Reflect  .     (no cloak)
rCorr  .         Harm     .     l - +0 pair of gloves
MR     .....                    (no boots)
Stlth  +.........               (no amulet)
                                (no ring)
                                (no ring)

@: no status effects
A: horns 1, slimy green scales 1, dopey 1, poison resistance, screaming 1,
shaggy fur 1, strong 1
a: no special abilities


You were on level 5 of the Dungeon.
You were hungry.

You visited 1 branch of the dungeon, and saw 6 of its levels.

You collected 312 gold pieces.

Inventory:

Hand Weapons
 a - a +0 falchion (weapon)
 g - a +0 dagger of holy wrath
 w - a +0 hunting sling
 B - a cursed -3 long sword
 F - a +0 long sword
Missiles
 e - 251 stones (quivered)
 o - a throwing net
 E - 4 javelins of penetration
Armour
 b - a +0 leather armour (worn)
 l - a +0 pair of gloves (worn)
 J - a cursed +0 ring mail
Jewellery
 q - an uncursed ring of see invisible {unknown}
Scrolls
 i - 13 scrolls of identify {unknown}
 k - 3 scrolls of enchant armour {unknown}
 m - 2 scrolls of amnesia {unknown}
 n - 4 scrolls of teleportation {unknown}
 p - 2 scrolls of enchant weapon {unknown}
 r - 2 scrolls of fog {unknown}
 s - 4 scrolls of remove curse {unknown}
 u - a scroll of fear {unknown}
 x - a scroll of random uselessness {unknown}
 y - a scroll of recharging {unknown}
 C - 2 scrolls of noise {unknown}
 I - a scroll of blinking {unknown}
Potions
 h - 2 potions of curing
 v - 2 potions of flight {unknown}
 z - a potion of agility {unknown}
 G - a potion of berserk rage {unknown}
 K - 2 potions of invisibility {unknown}
Books
 c - a book of Battle

   Spells                             Type                      Level
   a - Infusion                       Charms                       1
   b - Shroud of Golubria             Charms/Translocation         2
   c - Song of Slaying                Charms                       2
   d - Spectral Weapon                Hexes/Charms                 3
   e - Regeneration                   Charms/Necromancy            3
 A - a book of Misfortune

   Spells                             Type                      Level
   a - Confusing Touch                Hexes                        1
   b - Confuse                        Hexes                        3
   c - Gell's Gravitas                Hexes/Translocation          3
   d - Petrify                        Transmutation/Earth          4
   e - Metabolic Englaciation         Hexes/Ice                    5
   f - Yara's Violent Unravelling     Hexes/Transmutation          5
 D - a book of Necromancy

   Spells                             Type                      Level
   a - Pain                           Necromancy                   1
   b - Animate Skeleton               Necromancy                   1
   c - Vampiric Draining              Necromancy                   3
   d - Regeneration                   Charms/Necromancy            3
   e - Animate Dead                   Necromancy                   4
   f - Control Undead                 Necromancy                   4
Comestibles
 d - 2 bread rations
 f - 6 fruits
 j - 2 meat rations
 t - 2 royal jellies
 H - 2 chunks of flesh


   Skills:
 - Level 2.0 Fighting
 + Level 6.6 Long Blades
 - Level 0.8 Armour
 - Level 1.1 Dodging
 + Level 2.5 Spellcasting
 + Level 3.6 Hexes
 + Level 3.8 Charms
 + Level 1.0 Necromancy
 - Level 3.1 Translocations


You had 2 spell levels left.
You knew the following spells:

 Your Spells              Type           Power        Failure   Level  Hunger
a - Infusion              Chrm           ##..         8%          1    #......
b - Shroud of Golubria    Chrm/Tloc      ##........   12%         2    ###....
c - Spectral Weapon       Hex/Chrm       ##......     21%         3    ###....
d - Regeneration          Chrm/Necr      #.........   30%         3    ###....


Dungeon Overview and Level Annotations

Branches:
Dungeon (6/15)
 Temple: D:4-7

Altars:
Fedhas
Makhleb
Qazlal
Sif Muna

Annotations:
D:3 vatarom's ghost, amateur DsGl


Innate Abilities, Weirdness & Mutations

You have a pair of small horns on your head.
You are partially covered in slimy green scales. (AC +2)
You are dopey. (Int -2)
Your system is resistant to poisons. (rPois)
You occasionally shout uncontrollably at your foes.
You are covered in fur. (AC +1)
Your muscles are strong. (Str +2)


Message History

The orc warrior barely misses you.
You riposte.
You hit the orc warrior but do no damage.
You headbutt the orc warrior, but do no damage.
The orc warrior is heavily wounded.
The orc warrior misses you.
You riposte.
You closely miss the orc warrior.
The orc warrior is heavily wounded.
You are feeling hungry.
You see here a club.
Your shroud begins to fray at the edges.
Your shroud unravels.
Your magical contamination has completely faded away.
There is an open door here.
There is a stone staircase leading up here.
You open the door.
The orc warrior hits you with a long sword!
* * * LOW HITPOINT WARNING * * *
You take 12 damage, and have 6/45 hp.
MASSIVE DAMAGE!!
There is an open door here.
The orc warrior hits you with a long sword!
You die...

####'##.............#
..##.#.....#####....#
.....#...).#...#....#
.....#.....#...#....#
.....#.....#...#....#
.(...#.....#...#....#
......######...#....#
.###..# #.....o....#
.##..## #....<#@...#
.#....# #.....#....#
.+....# ##.....'....#
.##..## #......#....#
###..## ####...#....#
#....# #....######
#....# #.........#
##..#######...##...#
######..#######...#


You could see an orc warrior.

Vanquished Creatures
  An ice beast (D:6)
  A centaur (D:5)
  A scorpion (D:3)
  A crimson imp (D:5)
  A hound (D:6)
  A centaur skeleton (D:5)
  3 worker ants
  An orc wizard (D:3)
  A hound zombie (D:6)
  2 adders
  An ooze (D:2)
  An adder skeleton (D:4)
  2 worms
  2 dart slugs
  3 leopard geckos
  6 orcs
  5 giant cockroaches
  5 goblins
  10 hobgoblins
  6 jackals
  12 kobolds
  2 quokkas
  2 ball pythons (D:2)
  3 bats
  3 frilled lizards
  9 rats
85 creatures vanquished.

Vanquished Creatures (others)
  3 spectral weapons
3 creatures vanquished.

Grand Total: 88 creatures vanquished

Notes
Turn   | Place    | Note
-------+----------+-------------------------------------------
     0 | D:1      | Haldmier the High Elf Skald began the quest for the Orb.
     0 | D:1      | Reached XP level 1. HP: 14/14 MP: 4/4
   167 | D:1      | Reached skill level 3 in Long Blades
   179 | D:1      | Reached XP level 2. HP: 11/19 MP: 1/6
   733 | D:1      | Reached skill level 4 in Long Blades
  1120 | D:1      | Reached XP level 3. HP: 22/24 MP: 2/7
  1648 | D:2      | Reached skill level 5 in Long Blades
  2052 | D:3      | Gained mutation: Your muscles are strong. (Str +2) [potion of mutation]
  2052 | D:3      | Gained mutation: You are covered in fur. (AC +1) [potion of mutation]
  2052 | D:3      | Gained mutation: You occasionally shout uncontrollably at your foes. [potion of mutation]
  2058 | D:3      | Reached XP level 4. HP: 14/29 MP: 2/8
  2224 | D:3      | Learned a level 2 spell: Shroud of Golubria
  2228 | D:3      | Learned a level 3 spell: Spectral Weapon
  2291 | D:3      | Gained mutation: Your system is resistant to poisons. (rPois) [potion of mutation]
  2291 | D:3      | Gained mutation: You are dopey. (Int -2) [potion of mutation]
  2292 | D:3      | Gained mutation: You are partially covered in slimy green scales. (AC +2) [potion of mutation]
  2292 | D:3      | Gained mutation: You have a pair of small horns on your head. [potion of mutation]
  2356 | D:3      | Reached skill level 1 in Hexes
  2760 | D:3      | Reached XP level 5. HP: 34/34 MP: 9/9
  2803 | D:3      | Noticed vatarom's ghost (amateur DsGl)
  3091 | D:2      | Reached skill level 1 in Translocations
  3950 | D:4      | Noticed an ogre
  4046 | D:4      | Found a stormy altar of Qazlal.
  4449 | D:4      | Reached skill level 6 in Long Blades
  4721 | D:5      | Entered Level 5 of the Dungeon
  4725 | D:5      | Reached XP level 6. HP: 39/39 MP: 7/10
  4751 | D:5      | HP: 1/39 [centaur (3)]
  5049 | D:5      | Learned a level 3 spell: Regeneration
  5424 | D:5      | Found a stormy altar of Qazlal.
  5424 | D:5      | Found a deep blue altar of Sif Muna.
  5424 | D:5      | Found a blossoming altar of Fedhas.
  5476 | D:5      | Found a burning altar of Makhleb.
  5872 | D:6      | Noticed an ice beast
  5885 | D:6      | Killed an ice beast
  5885 | D:6      | Reached skill level 1 in Necromancy
  5902 | D:6      | Noticed an orc warrior
  5923 | D:6      | HP: 1/39 [orc warrior/long sword (5)]
  6372 | D:6      | Reached XP level 7. HP: 41/45 MP: 2/11
  6538 | D:5      | Slain by an orc warrior

Skill      XL: |  1  2  3  4  5  6 |
---------------+-------------------+-----
Long Blades    | 3 4 5 6 |  6.6
Hexes          | 1 2 3 |  3.6
Translocations | 2 3 |  3.1
Necromancy     | 1 |  1.0
Fighting       | |  2.0
Armour         | |  0.8
Dodging        | |  1.1
Spellcasting   | |  2.5
Charms         | |  3.8

Action                   |  1- 3 |  4- 6 |  7- 9 || total
-------------------------+-------+-------+-------++-------
Melee: Falchion          |   102 |   157 |     5 ||   264
       Headbutt          |       |    34 |     1 ||    35
 Cast: Infusion          |    18 |    18 |       ||    36
       Shroud of Golubri |       |     9 |     2 ||    11
       Spectral Weapon   |       |     8 |     2 ||    10
       Regeneration      |       |     3 |     1 ||     4
  Use: Potion            |     4 |     2 |       ||     6
 Stab: Sleeping          |     1 |       |       ||     1
  Eat: Chunk             |     2 |    11 |     1 ||    14
       Pizza             |       |     3 |       ||     3
       Royal jelly       |       |     1 |       ||     1
Armor: Leather armour    |    33 |    64 |       ||    97
Dodge: Dodged            |    70 |    81 |     5 ||   156
       Rpst.: Falchion   |    28 |    29 |     3 ||    60
